 Dungeon Crawl Stone Soup version 0.25-a0-842-g81a31cf (webtiles) character file.

Game seed: 12619146844068839729, levelgen mode: deterministic

412789 BlueFish the Minotaur Blade (level 22, 0/210 (213) HPs)
             Began as a Minotaur Fighter on Apr 24, 2020.
             Was the Champion of Yredelemnul.
             Killed by the air
             ... invoked by Rabuim the Cloud Mage
              (23 damage)
             ... in a wizard's laboratory on Apr 25, 2020.
             The game lasted 02:29:08 (45240 turns).

BlueFish the Minotaur Blade (Minotaur Fighter)     Turns: 45240, Time: 02:29:08

HP:   0/210 (213)   AC: 26    Str: 25    XL:     22   Next: 50%
MP:   14/26         EV: 15    Int:  8    God:    Yredelemnul [******]
Gold: 6280          SH: 18    Dex: 22    Spells: 21/21 levels left

rFire    + + +     SeeInvis .   D - +2 demon blade (elec)
rCold    + + +     Gourm    .   a - +2 kite shield
rNeg     . . .     Faith    .   H - +0 gold dragon scales
rPois    +         Spirit   .   A - -1 hat "Ostriach" {Dex+4}
rElec    +         Reflect  .   W - scarf {rC+ rF+}
rCorr    +         Harm     .   U - +1 pair of gloves
MR       ++...                  b - +0 pair of boots {Fly}
Stlth    ..........             L - amulet of regeneration
HPRegen  0.85/turn              q - ring of Sokur {AC+2 Str+2}
MPRegen  0.20/turn              Q - ring of the Red Skies {rF+ rC+ MR+ Int+3 Stlth-}

@: mighty, resistant, studying Stealth, lightly drained
A: retaliatory headbutt, horns 2, low mp 2
}: 2/15 runes: decaying, serpentine
a: Recall Undead Slaves, Injury Mirror, Animate Dead, Drain Life, Enslave Soul,
Renounce Religion, Evoke Flight


You were in a wizard's laboratory.
You worshipped Yredelemnul.
Yredelemnul was exalted by your worship.
You were very hungry.

You visited 9 branches of the dungeon, and saw 43 of its levels.
You visited the Abyss 2 times.
You visited 1 bazaar.
You also visited: Wizlab.

You collected 7547 gold pieces.
You spent 1267 gold pieces at shops.

Inventory:

Hand Weapons
 D - a +2 demon blade of electrocution (weapon)
 N - a +3 scimitar of flaming
 T - a +4 scimitar of holy wrath
Armour
 a - a +2 kite shield (worn)
 b - a +0 pair of boots of flying (worn)
 A - the -1 hat "Ostriach" (worn) {Dex+4}
   (You found it on level 3 of the Elven Halls)

   It affects your dexterity (+4).
 H - +0 gold dragon scales (worn)
 U - a +1 pair of gloves (worn)
 W - a scarf of resistance (worn)
Jewellery
 c - a +6 amulet of reflection
 q - the ring of Sokur (left hand) {AC+2 Str+2}
   (You found it on level 4 of the Dungeon)

   [ring of protection]

   It affects your AC (+2).
   It affects your strength (+2).
 t - a +5 ring of intelligence
 B - an uncursed amulet of the acrobat
 C - an uncursed ring of positive energy
 K - an uncursed ring of protection from fire
 L - an amulet of regeneration (around neck)
 Q - the ring of the Red Skies (right hand) {rF+ rC+ MR+ Int+3 Stlth-}
   (You found it on level 1 of the Orcish Mines)

   [ring of protection from fire]

   It affects your intelligence (+3).
   It protects you from fire.
   It protects you from cold.
   It affects your resistance to hostile enchantments.
   It makes you less stealthy.
 R - an uncursed ring of protection from cold
Wands
 w - a wand of digging (15)
Scrolls
 e - 8 scrolls of fear
 g - 19 scrolls of teleportation
 h - 21 scrolls of remove curse
 i - 5 scrolls of fog
 l - a scroll of silence
 m - 3 scrolls of torment
 s - 7 scrolls of blinking
 v - 2 scrolls of summoning
 x - 4 scrolls of identify
 y - 8 scrolls of enchant armour
 E - 4 scrolls of amnesia
 F - 5 scrolls of magic mapping
 M - 3 scrolls of holy word
 P - 4 scrolls of noise
 Y - 4 scrolls of enchant weapon
Potions
 d - 6 potions of might
 j - 3 potions of berserk rage
 k - 2 potions of invisibility
 n - 8 potions of flight
 o - 10 potions of curing
 u - 4 potions of resistance
 z - 5 potions of ambrosia
 G - 4 potions of mutation
 I - 3 potions of haste
 J - 14 potions of stabbing
 O - 4 potions of cancellation
 V - 6 potions of heal wounds
 X - 6 potions of magic
 Z - 4 potions of lignification
Books
 r - a manual of Stealth
Comestibles
 f - 66 rations
 p - 3 chunks of flesh


   Skills:
 * Level 21.3(21.2) Fighting
   Level 1.0(14.3) Short Blades
 * Level 22.7(22.6) Long Blades
 + Level 17.4(17.2) Armour
 * Level 14.4(14.3) Dodging
 + Level 5.9(5.8) Stealth
 * Level 17.2(17.0) Shields
 * Level 17.6(17.5) Invocations


You had 21 spell levels left.
You didn't know any spells.
Your spell library contained the following spells:

 Spells                   Type           Power        Failure   Level  Hunger
 Animate Skeleton         Necr           N/A          100%        1    ##.....
 Apportation              Tloc           #.....       100%        1    ##.....
 Beastly Appendage        Tmut           #.....       100%        1    ##.....
 Corona                   Hex            #......      100%        1    ##.....
 Foxfire                  Conj/Fire      #...         100%        1    ##.....
 Freeze                   Ice            #...         100%        1    ##.....
 Infusion                 Chrm           #...         100%        1    ##.....
 Magic Dart               Conj           #...         100%        1    ##.....
 Sandblast                Erth           #.....       100%        1    ##.....
 Shock                    Conj/Air       #...         100%        1    ##.....
 Summon Butterflies       Summ           #.......     100%        1    ##.....
 Summon Small Mammal      Summ           #...         100%        1    ##.....
 Blink                    Tloc           N/A          100%        2    ###....
 Call Imp                 Summ           #.......     100%        2    ###....
 Corpse Rot               Necr/Air       N/A          100%        2    ###....
 Ensorcelled Hibernation  Hex/Ice        #.....       100%        2    ###....
 Passwall                 Tmut/Erth      #.......     100%        2    ###....
 Poisonous Vapours        Pois/Air       #.....       100%        2    ###....
 Searing Ray              Conj           #.....       100%        2    ###....
 Shroud of Golubria       Chrm/Tloc      #.....       100%        2    ###....
 Slow                     Hex            #.......     100%        2    ###....
 Song of Slaying          Chrm           #.......     100%        2    ###....
 Sticks to Snakes         Tmut           #.......     100%        2    ###....
 Sublimation of Blood     Necr           #.........   100%        2    ###....
 Swiftness                Chrm/Air       #.......     100%        2    ###....
 Call Canine Familiar     Summ           #.......     100%        3    ####...
 Confusing Touch          Hex            #.......     100%        3    ####...
 Conjure Flame            Conj/Fire      #.......     100%        3    ####...
 Dazzling Flash           Conj/Hex       #.....       100%        3    ####...
 Gell's Gravitas          Tloc           #.........   100%        3    ####...
 Ignite Poison            Fire/Tmut/Pois #.......     100%        3    ####...
 Inner Flame              Hex/Fire       #.......     100%        3    ####...
 Lesser Beckoning         Tloc           #.........   100%        3    ####...
 Mephitic Cloud           Conj/Pois/Air  #.......     100%        3    ####...
 Ozocubu's Armour         Chrm/Ice       #.......     100%        3    ####...
 Portal Projectile        Hex/Tloc       #.....       100%        3    ####...
 Spectral Weapon          Hex/Chrm       #.......     100%        3    ####...
 Spider Form              Tmut/Pois      #.........   100%        3    ####...
 Static Discharge         Conj/Air       #.......     100%        3    ####...
 Stone Arrow              Conj/Erth      #.....       100%        3    ####...
 Summon Guardian Golem    Hex/Summ       #.......     100%        3    ####...
 Teleport Other           Tloc           #.......     100%        3    ####...
 Tukima's Dance           Hex            #.......     100%        3    ####...
 Cause Fear               Hex            #.........   100%        4    #####..
 Dispel Undead            Necr           #.......     100%        4    #####..
 Fulminant Prism          Conj/Hex       #.........   100%        4    #####..
 Ice Form                 Ice/Tmut       #.......     100%        4    #####..
 Iskenderun's Mystic Bla  Conj/Tloc      #.......     100%        4    #####..
 Leda's Liquefaction      Hex/Erth       #.........   100%        4    #####..
 Passage of Golubria      Tloc           N/A          100%        4    #####..
 Petrify                  Tmut/Erth      #.......     100%        4    #####..
 Sticky Flame             Conj/Fire      #.......     100%        4    #####..
 Summon Ice Beast         Ice/Summ       #.......     100%        4    #####..
 Summon Lightning Spire   Summ/Air       #.......     100%        4    #####..
 Agony                    Necr           #.......     100%        5    ######.
 Alistair's Intoxication  Tmut/Pois      #.......     100%        5    ######.
 Blade Hands              Tmut           #.........   100%        5    ######.
 Bolt of Magma            Conj/Fire/Erth #.........   100%        5    ######.
 Excruciating Wounds      Chrm/Necr      #.........   100%        5    ######.
 Fireball                 Conj/Fire      #.........   100%        5    ######.
 Irradiate                Conj/Tmut      #.........   100%        5    ######.
 Iskenderun's Battlesphe  Conj/Chrm      #.......     100%        5    ######.
 Lee's Rapid Deconstruct  Erth           #.........   100%        5    ######.
 Lightning Bolt           Conj/Air       #.........   100%        5    ######.
 Metabolic Englaciation   Hex/Ice        #.........   100%        5    ######.
 Summon Forest            Summ/Tloc      #.........   100%        5    ######.
 Summon Mana Viper        Hex/Summ       #.......     100%        5    ######.
 Yara's Violent Unravell  Hex/Tmut       #.........   100%        5    ######.
 Conjure Ball Lightning   Conj/Air       #.........   100%        6    #######
 Darkness                 Hex            #.........   100%        6    #######
 Dispersal                Tloc           #.........   100%        6    #######
 Freezing Cloud           Conj/Ice/Air   #.........   100%        6    #######
 Hydra Form               Tmut           #.........   100%        6    #######
 Invisibility             Hex            #.......     100%        6    #######
 Iron Shot                Conj/Erth      #.........   100%        6    #######
 Ozocubu's Refrigeration  Ice            #.........   100%        6    #######
 Shadow Creatures         Summ           N/A          100%        6    #######
 Starburst                Conj/Fire      #.........   100%        6    #######
 Statue Form              Tmut/Erth      #........    100%        6    #######
 Dragon Form              Tmut           #.........   100%        7    #######
 Malign Gateway           Summ/Tloc      #.........   100%        7    #######
 Orb of Destruction       Conj           #.........   100%        7    #######
 Ring of Flames           Chrm/Fire      #.........   100%        7    #######
 Spellforged Servitor     Conj/Summ      #.........   100%        7    #######
 Summon Hydra             Summ           #.........   100%        7    #######
 Chain Lightning          Conj/Air       #.........   100%        8    #######
 Controlled Blink         Tloc           N/A          100%        8    #######
 Disjunction              Tloc           #.........   100%        8    #######
 Ignition                 Fire           #.........   100%        8    #######
 Lehudib's Crystal Spear  Conj/Erth      #.........   100%        8    #######
 Absolute Zero            Ice            #.........   100%        9    #######
 Fire Storm               Conj/Fire      #.........   100%        9    #######


Dungeon Overview and Level Annotations

Branches:
Dungeon (15/15)            Temple (1/1) D:4            Lair (6/6) D:9
  Swamp (4/4) Lair:4        Snake (4/4) Lair:3        Slime (0/5) Lair:6
    Orc (2/2) D:11            Elf (3/3) Orc:2        Vaults (3/5) D:13
  Crypt (0/3) Vaults:2     Depths (5/5) D:15            Zot (0/5) Depths:5
 WizLab (1/1)

Altars:
Ashenzari
Cheibriados
Dithmenos
Elyvilon
Fedhas
Gozag
Hepliaklqana
Kikubaaqudgha
Makhleb
Nemelex Xobeh
Okawaru
Qazlal
Ru
Sif Muna
Trog
Uskayaw
Vehumet
Wu Jian
Xom
Yredelemnul
Zin
The Shining One

Shops:
D:4 =   D:11 (   Orc:2 ??}[   Elf:3 :([   Depths:4 :

Portals:
Hell: Depths:1 Depths:2 Depths:3 Depths:4 Depths:5
Abyss: Depths:1 Depths:3 Depths:4
Pandemonium: Depths:1 Depths:2 Depths:3
Ziggurat: Depths:2

Annotations:
D:5 2 transporters
D:9 exclusion: oklob plant
Lair:2 exclusion: oklob plant


Innate Abilities, Weirdness & Mutations

You reflexively headbutt those who attack you in melee.
You have a pair of horns on your head.
Your magical capacity is very low. (-20% MP)


Message History

You barely miss Rabuim.
Rabuim is heavily wounded.
You are engulfed in raging winds.
You slice Rabuim!! Your headbutt misses Rabuim.
Rabuim is heavily wounded.
Rabuim hits you but does no damage.
You cut Rabuim into ribbons!!! Your headbutt misses Rabuim.
Rabuim is almost dead.
You float gracefully downwards.
Rabuim waves her arms in wide circles.
The air twists around and strikes you!!
* * * LOW HITPOINT WARNING * * *
You draw life from your surroundings.
Rabuim is drained of life.
Rabuim is almost dead.
You feel life flooding into your body.
You are feeling very hungry.
Rabuim waves her arms in wide circles.
The air twists around and strikes you!!
You die...
Your body rises from the dead as a mindless zombie.

#≈≈≈.. #################≈≈≈≈≈
##§.#..#..#..#.§##≈≈≈≈≈
#§§§.........§§§.#≈≈≈≈≈
#.§§.........§§..#≈≈≈≈≈
#......[....§§...#≈≈≈≈[
+................'..... ≈≈#
#......@.....§..§#≈≈≈≈≈ ≈≈≈
#.....@......§§§.#≈≈≈≈≈ ≈≈≈##
#.............§§.#≈≈≈≈≈ ≈≈≈≈###
##..#..#..#..#§§##≈≈≈≈≈ ≈≈≈≈≈≈###
#################≈≈≈≈≈
.≈≈≈≈≈≈≈####################≈≈≈..
...≈≈≈≈≈≈≈≈ZZZZZ≈≈≈≈≈≈≈≈≈≈≈≈≈...#
##........ZZ.Z.Z.ZZ...........###
≈###.....ZZ####################§§
≈##......Z##≈≈≈≈≈###≈≈≈≈≈ §§§


You could see Rabuim the Cloud Mage.

Vanquished Creatures
  the Lernaean hydra (Swamp:4)
  A caustic shrike (Depths:3)
  A golden dragon (Depths:3)
  Nikola (Elf:3)
  the Enchantress (Depths:5)
  Jorgrun (Orc:2)
  Asterion (Snake:3)
  A deep elf blademaster (Elf:3)
  A quicksilver dragon (Depths:3)
  Frances (Snake:2)
  A tentacled starspawn (Abyss:2)
  An ancient champion (Vaults:2)
  Kirke (D:14)
  A storm dragon (Vaults:2)
  2 fire giants
  3 nagarajas
  4 frost giants
  Roxanne (Elf:1)
  An orc warlord (Orc:2)
  2 deep elf sorcerers (Elf:3)
  2 deep elf elementalists
  A draconian scorcher (Depths:5)
  Aizul (Swamp:2)
  9 very ugly things
  2 spriggan defenders
  4 ironheart preservers
  6 stone giants
  A green draconian (Depths:5)
  3 deep elf demonologists
  4 deep elf annihilators (Elf:3)
  A red draconian (Depths:5)
  A yellow draconian (Depths:5)
  5 spark wasps
  4 deep elf death magi
  3 blizzard demons (WizLab)
  A green death (Depths:2)
  A crystal guardian (Vaults:2)
  5 ettins
  10 deep elf high priests
  4 fire dragons
  7 great orbs of eyes
  6 naga warriors
  2 rakshasas
  2 yaktaur captains
  A hell beast (Depths:1)
  11 hydras
  3 ice dragons
  2 ghost crabs
  4 anacondas
  8 spriggan air magi
  23 two-headed ogres
  2 alligators
  10 centaur warriors
  4 tengu warriors (Depths:3)
  4 ogre magi
  14 dancing weapons
  4 deep troll shamans
  6 spriggan berserkers
  4 shock serpents
  4 deep troll earth magi
  6 naga sharpshooters
  2 thrashing horrors (Abyss:2)
  2 soul eaters (Depths:3)
  15 deep elf knights
  A storm dragon zombie (Vaults:2)
  A sun demon (Depths:3)
  A fire crab (shapeshifter) (Vaults:1)
  A flayed ghost (D:11)
  A hell knight (Depths:4)
  A death drake (WizLab)
  3 salamander mystics
  A sixfirhy (Abyss:2)
  An iron troll (Depths:5)
  7 skeletal warriors
  4 large abominations (Abyss:2)
  A gelid demonspawn (Depths:1)
  6 swamp dragons
  2 glowing orange brains
  2 unseen horrors
  11 deep trolls
  4 wizards
  4 starcursed masses (Abyss:2)
  5 naga ritualists
  Pikel (D:6)
  4 ironbrand convokers
  A harpy (shapeshifter) (Depths:2)
  2 lindwurms (shapeshifter)
  7 orc knights
  4 orc sorcerers
  7 deep elf archers
  A sphinx zombie (Vaults:2)
  6 mana vipers
  10 salamanders
  A salamander (shapeshifter) (Vaults:3)
  A sphinx skeleton (Vaults:2)
  36 deep elf magi
  24 ugly things
  A moth of wrath (shapeshifter) (Depths:1)
  A worldbinder (Abyss:2)
  17 cyclopes
  3 elephants
  A rust devil (Depths:3)
  Psyche (D:9)
  2 guardian serpents
  24 black mambas
  A centaur zombie (D:15)
  A black mamba (shapeshifter) (Depths:4)
  8 naga magi
  An orange demon (Depths:1)
  An apocalypse crab (Abyss:2)
  3 vault sentinels
  An ice statue (Depths:3)
  A storm dragon simulacrum (Vaults:2)
  2 centaur skeletons
  7 spiny frogs
  A gargoyle (D:12)
  A rime drake (Lair:1)
  4 komodo dragons
  5 yaktaurs
  An efreet (D:13)
  2 demonic crawlers (D:13)
  2 freezing wraiths
  3 tengu conjurers
  3 red devils
  An ice devil (Depths:3)
  2 ancient zymes (Abyss:2)
  2 wind drakes (WizLab)
  4 polar bears
  A jumping spider (shapeshifter) (D:11)
  4 tyrant leeches
  12 slime creatures
  3 trolls
  10 hornets
  7 hippogriffs
  6 blink frogs
  A dream sheep (shapeshifter) (Depths:4)
  2 bog bodies
  A fire giant simulacrum (Vaults:2)
  5 shadows
  3 flying skulls (Abyss:2)
  11 air elementals
  4 redbacks (D:12)
  12 spriggans
  4 wyverns
  3 fire elementals (Elf:2)
  2 hogs (D:14)
  A spriggan (shapeshifter) (Vaults:2)
  5 water elementals
  A wraith (Depths:3)
  4 small abominations (Abyss:2)
  A fire bat (shapeshifter) (Depths:2)
  6 golden eyes (Abyss:2)
  A human (D:13)
  3 basilisks
  26 yaks
  A golden eye (shapeshifter) (Depths:3)
  Grum (D:9)
  2 chaos spawn
  16 vampire mosquitoes
  2 neqoxecs
  3 soldier ants
  A hungry ghost (D:14)
  24 nagas
  4 insubstantial wisps
  7 wargs
  An acid dragon (D:11)
  8 swamp worms
  10 water moccasins
  8 hell hounds
  4 porcupines
  22 orc warriors
  5 ice beasts
  3 sky beasts
  3 slaves (D:6)
  4 swamp drakes (Swamp:4)
  2 eyes of draining
  5 black bears
  5 phantoms
  A tengu (shapeshifter) (Depths:1)
  22 wolves
  5 boggarts
  29 ogres
  15 centaurs
  11 crocodiles
  A big kobold (D:12)
  16 bullfrogs
  A gnoll sergeant (D:10)
  An earth elemental (Elf:3)
  4 scorpions
  2 wyvern skeletons
  2 human simulacra (Vaults:2)
  14 wights
  3 howler monkeys
  5 crimson imps
  2 bullfrog zombies
  A quasit (Abyss:2)
  5 hounds
  7 jellies
  14 orc priests
  4 bullfrog skeletons
  17 orc wizards
  5 iron imps
  2 iguanas
  8 worker ants
  A killer bee zombie (D:7)
  2 hound zombies
  2 hound skeletons
  A worker ant zombie (D:11)
  9 gnolls
  A howler monkey skeleton (D:10)
  8 adders
  2 shadow imps
  A white imp (Abyss:2)
  2 oozes (Lair:6)
  An adder zombie (D:7)
  2 adder skeletons
  2 worms
  A worm (shapeshifter) (Elf:3)
  3 dart slugs
  3 leopard geckos
  79 orcs
  4 bats
  5 giant cockroaches
  7 goblins
  10 hobgoblins
  13 jackals
  9 kobolds
  3 quokkas
  4 frilled lizards
  A quokka skeleton (D:10)
  3 rats
1166 creatures vanquished.

Vanquished Creatures (collateral kills)
  4 caustic shrikes (Depths:3)
  3 golden dragons
  2 bone dragons
  A tentacled monstrosity (Depths:1)
  A lich (Depths:3)
  A deep elf master archer (Elf:3)
  A quicksilver dragon (Depths:2)
  A sphinx (Depths:5)
  5 storm dragons
  3 thorn hunters
  A shadow dragon (Depths:3)
  7 nagarajas
  3 fire giants
  7 deep elf sorcerers
  2 vault wardens
  2 frost giants
  2 iron dragons
  The ghost of Tydghah the Fighter, a journeyman DrFE of Lugonu (D:15)
  A balrug (Depths:3)
  A ghoul (Vaults:3)
  2 deep elf elementalists (Elf:3)
  7 very ugly things
  4 ironheart preservers
  5 spriggan defenders
  A draconian stormcaller (Depths:5)
  5 stone giants
  5 deep elf demonologists
  A black draconian (Depths:5)
  2 red draconians (Depths:5)
  A white draconian (Depths:5)
  6 deep elf annihilators (Elf:3)
  8 spark wasps
  4 ettins
  A blizzard demon (Depths:3)
  7 deep elf death magi
  5 fire dragons
  3 deep elf high priests
  5 yaktaur captains
  12 naga warriors
  A vault guard (D:13)
  A shambling mangrove (Swamp:3)
  8 hydras
  6 spriggan air magi
  5 great orbs of eyes
  6 anacondas
  2 rakshasas
  6 ice dragons
  2 ghost crabs
  2 centaur warriors
  A death knight (Vaults:2)
  17 dancing weapons
  6 ogre magi
  8 alligators
  6 deep troll shamans
  17 two-headed ogres
  8 tengu warriors (Depths:3)
  3 deep troll earth magi
  11 naga sharpshooters
  5 hell knights (Depths:4)
  A vampire mage (Depths:2)
  A soul eater (Depths:3)
  2 sun demons (Depths:3)
  2 shock serpents (Snake:2)
  7 spriggan berserkers
  11 deep elf knights
  A salamander mystic (Snake:2)
  A sixfirhy (Depths:2)
  5 skeletal warriors
  3 iron trolls
  2 quicksilver dragon simulacra (Depths:3)
  2 flayed ghosts (Depths:2)
  A death drake (WizLab)
  3 unseen horrors
  17 deep elf archers
  16 deep trolls
  A wizard (Vaults:3)
  5 glowing orange brains
  3 naga ritualists
  3 ironbrand convokers
  A necromancer (Vaults:2)
  6 swamp dragons (Swamp:4)
  42 deep elf magi
  14 ugly things
  7 orc knights
  3 orc sorcerers
  4 cyclopes
  2 manticores
  6 elephants
  5 salamanders
  13 slime creatures
  7 rust devils (Depths:3)
  2 apocalypse crabs (WizLab)
  2 guardian serpents
  A black mamba (shapeshifter) (Depths:4)
  A centaur zombie (D:14)
  3 vault sentinels
  6 naga magi
  A spiny frog (shapeshifter) (Depths:2)
  25 black mambas
  Maurice (D:13)
  3 spiny frogs
  A gargoyle (D:12)
  3 centaur skeletons
  14 yaktaurs
  An efreet (Depths:3)
  A demonic crawler (D:13)
  3 freezing wraiths
  5 tengu conjurers
  2 red devils (Depths:3)
  2 trolls (Orc:2)
  11 hornets
  8 tyrant leeches
  A bog body (Swamp:1)
  3 dream sheep (Lair:6)
  7 blink frogs
  2 hippogriffs
  A fire dragon skeleton (Abyss:2)
  4 flying skulls
  A ynoxinul (Abyss:2)
  4 air elementals
  10 yaks
  A vampire (Depths:5)
  A redback (D:12)
  13 spriggans
  A yak (shapeshifter) (Abyss:2)
  2 fire elementals
  A water elemental (Depths:1)
  10 humans (D:13)
  A basilisk (shapeshifter) (Vaults:2)
  A chaos spawn (Depths:2)
  4 wraiths
  A hog (D:14)
  16 vampire mosquitoes
  5 insubstantial wisps
  A deep troll zombie (Depths:5)
  10 swamp worms
  3 wargs
  3 large abominations
  43 nagas
  A porcupine (Lair:1)
  2 water moccasins
  A hell hound (Depths:3)
  5 swamp drakes
  2 black bears
  17 orc warriors
  5 ettin simulacra (Depths:3)
  7 boggarts
  21 ogres
  3 starcursed masses (Abyss:2)
  An eye of draining (D:9)
  10 wolves
  11 centaurs
  4 bullfrogs
  3 earth elementals (Elf:3)
  6 wights
  2 electric eels
  A hound (D:10)
  3 orc priests
  An iguana (D:13)
  9 orc wizards
  A worker ant zombie (D:11)
  2 gnolls (D:10)
  An ooze (Lair:6)
  26 orcs
  A goblin (D:9)
  A quokka (D:10)
  3 kobolds
  9 briar patches (Swamp:4)
  4 crawling corpses
  39 fungi
  23 plants
922 creatures vanquished.

Vanquished Creatures (others)
  2 bone dragons
  4 ghouls
  A caustic shrike zombie (Depths:3)
  8 vampire knights
  A spectral titan (Depths:2)
  A spectral fire giant (Depths:5)
  A spectral frost giant (Depths:1)
  A spriggan air mage (WizLab)
  A ghost crab (WizLab)
  A deep troll shaman (Depths:1)
  A deep elf knight (Elf:1)
  7 skeletal warriors
  8 flayed ghosts
  3 spark wasp zombies (WizLab)
  A wizard (Vaults:3)
  A golden dragon zombie (Depths:3)
  6 phantasmal warriors
  3 ugly thing zombies
  A stone giant zombie (Vaults:3)
  A deep elf mage (Elf:1)
  A shock serpent skeleton (WizLab)
  A spiny frog (Swamp:3)
  3 spriggan zombies
  A yaktaur skeleton (Depths:2)
  A tengu conjurer (Depths:3)
  A ghoul skeleton (Depths:5)
  A death drake zombie (WizLab)
  2 black mamba zombies (Snake:2)
  7 flying skulls
  3 spriggan skeletons
  4 vampires
  A wraith (Orc:2)
  2 humans (D:14)
  An ice dragon skeleton (Depths:2)
  A deep troll zombie (Depths:1)
  A naga (Snake:4)
  2 tengu zombies (Depths:3)
  A two-headed ogre zombie (Vaults:3)
  An eye of draining (shapeshifter) (Depths:2)
  5 elf skeletons
  A hippogriff zombie (D:11)
  An apocalypse crab zombie (WizLab)
  2 water moccasin zombies (Lair:6)
  5 wights
  2 centaur zombies (Vaults:3)
  2 orc priests (Elf:1)
  A centaur skeleton (D:9)
  A naga zombie (Snake:4)
  6 ogre zombies
  2 human zombies
  2 ogre skeletons (Vaults:3)
  A howler monkey skeleton (D:13)
  An adder zombie (D:11)
  An iguana zombie (D:11)
  5 orcs
  2 gnoll zombies (D:11)
  A kobold zombie (D:12)
  5 orc skeletons
  30 orc zombies
  A briar patch (Swamp:4)
  A crawling corpse (Elf:1)
  A fungus (Lair:5)
  A plant (Lair:2)
  4 starspawn tentacles (Abyss:2)
  10 toadstools (D:9)
182 creatures vanquished.

Grand Total: 2270 creatures vanquished

Notes
Turn   | Place    | Note
-------+----------+-------------------------------------------
     0 | D:1      | BlueFish the Minotaur Fighter began the quest for the Orb.
     0 | D:1      | Reached XP level 1. HP: 19/19 MP: 0/0
   190 | D:1      | Reached XP level 2. HP: 26/27 MP: 1/1
   244 | D:1      | Reached skill level 3 in Long Blades
   873 | D:2      | Reached XP level 3. HP: 27/33 MP: 2/2
   982 | D:2      | Found a burning altar of Makhleb.
   989 | D:2      | Reached XP level 4. HP: 30/41 MP: 3/3
  1257 | D:2      | Found a shimmering blue altar of Sif Muna.
  1724 | D:3      | Reached skill level 4 in Long Blades
  1992 | D:3      | Reached skill level 5 in Armour
  2005 | D:3      | Reached XP level 5. HP: 46/47 MP: 4/4
  2164 | D:4      | Noticed a phantom
  2187 | D:4      | Killed a phantom
  2239 | D:4      | Got a warped turquoise ring
  2240 | D:4      | Identified the ring of Sokur {AC+2 Str+2} (You found it on
                  | level 4 of the Dungeon)
  2275 | D:4      | Found a staircase to the Ecumenical Temple.
  2316 | Temple   | Entered the Ecumenical Temple
  2383 | Temple   | Became a worshipper of Yredelemnul the Dark
  2549 | D:4      | Reached skill level 5 in Long Blades
  2550 | D:4      | Noticed an ogre
  2559 | D:4      | Killed an ogre
  2559 | D:4      | Reached skill level 5 in Fighting
  2559 | D:4      | Reached skill level 1 in Dodging
  2559 | D:4      | Reached XP level 6. HP: 9/56 MP: 5/5
  2858 | D:4      | Found Reakha's Jewellery Shoppe.
  3247 | D:4      | Reached skill level 6 in Long Blades
  3477 | D:5      | Entered Level 5 of the Dungeon
  3477 | D:5      | Found a transporter.
  3514 | D:5      | Reached XP level 7. HP: 61/61 MP: 6/6
  3530 | D:5      | Found a glowing golden altar of the Shining One.
  3595 | D:5      | Found a transporter.
  4151 | D:5      | Found a radiant altar of Vehumet.
  4235 | D:5      | Found a stormy altar of Qazlal.
  4279 | D:5      | Reached skill level 7 in Long Blades
  4464 | D:5      | Reached skill level 1 in Invocations
  4703 | D:5      | Reached XP level 8. HP: 65/70 MP: 7/7
  4871 | D:6      | Reached * piety under Yredelemnul
  4874 | D:6      | Reached skill level 8 in Long Blades
  5244 | D:6      | Reached skill level 9 in Long Blades
  5552 | D:6      | Noticed Pikel
  5568 | D:6      | Killed Pikel
  5568 | D:6      | Reached XP level 9. HP: 64/79 MP: 8/10
  5790 | D:7      | Reached skill level 10 in Long Blades
  5950 | D:7      | Found a shadowy altar of Dithmenos.
  6079 | D:7      | Reached ** piety under Yredelemnul
  6621 | D:8      | Reached skill level 11 in Long Blades
  6726 | D:8      | Found a sacrificial altar of Ru.
  7136 | D:8      | Found an ornate altar of the Wu Jian Council.
  7144 | D:8      | Reached XP level 10. HP: 87/88 MP: 12/12
  7482 | D:9      | Reached *** piety under Yredelemnul
  7800 | D:9      | Noticed Psyche
  7813 | D:9      | Killed Psyche
  7893 | D:9      | Found a blossoming altar of Fedhas.
  7912 | D:9      | Noticed an oklob plant
  7964 | D:9      | Noticed Grum
  7967 | D:9      | Killed Grum
  7969 | D:9      | Reached skill level 5 in Invocations
  8043 | D:9      | Found a staircase to the Lair.
  8046 | D:9      | Noticed a two-headed ogre
  8059 | D:9      | Killed a two-headed ogre
  8059 | D:9      | Reached skill level 12 in Long Blades
  8150 | D:9      | Found a bloodstained altar of Trog.
  8261 | D:9      | Found a shimmering altar of Xom.
  8352 | D:10     | Entered Level 10 of the Dungeon
  8439 | D:10     | Reached skill level 10 in Armour
  8606 | D:10     | Received a gift from Yredelemnul (a wight)
  8757 | D:10     | Reached **** piety under Yredelemnul
  8868 | D:10     | Reached skill level 13 in Long Blades
  9444 | D:11     | Reached XP level 11. HP: 93/97 MP: 14/14
  9582 | D:11     | Noticed an orc knight
  9600 | D:11     | Killed an orc knight
  9601 | D:11     | Received a gift from Yredelemnul (a wight)
  9871 | D:11     | Noticed a purple ugly thing
  9876 | D:11     | Killed a purple ugly thing
  9921 | D:11     | Found Royd's Weapon Shoppe.
  9921 | D:11     | Found a staircase to the Orcish Mines.
  9929 | D:11     | Bought a +1 vampiric long sword for 262 gold pieces
 10105 | D:11     | Reached skill level 10 in Fighting
 10113 | D:11     | Noticed a two-headed ogre
 10126 | D:11     | Killed a two-headed ogre
 10207 | D:11     | Noticed a deep troll
 10207 | D:11     | a torpor snail changed into a deep troll
 10208 | D:11     | Noticed a flayed ghost
 10214 | D:11     | Noticed a swamp dragon
 10218 | D:11     | a swamp dragon changed into a salamander
 10220 | D:11     | Killed a flayed ghost
 10220 | D:11     | Noticed a lindwurm
 10220 | D:11     | a yak changed into a lindwurm
 10225 | D:11     | Killed a lindwurm
 10479 | D:11     | Noticed a two-headed ogre
 10488 | D:11     | Killed a two-headed ogre
 10488 | D:11     | Reached skill level 14 in Long Blades
 10673 | D:11     | Noticed a brown ugly thing
 10694 | D:11     | Killed a brown ugly thing
 10862 | D:11     | Identified the +10 great sword of the Jester {drain,
                  | Stlth+}
 10862 | D:11     | Noticed a centaur warrior
 10873 | D:11     | Killed a centaur warrior
 10932 | D:11     | Killed an unseen horror
 11127 | Lair:1   | Entered Level 1 of the Lair of Beasts
 11194 | Lair:1   | Received a gift from Yredelemnul (a wraith)
 11301 | Lair:1   | Reached XP level 12. HP: 64/110 MP: 16/16
 12318 | Lair:2   | Noticed a seven-headed hydra
 12329 | Lair:2   | Killed a seven-headed hydra
 12422 | Lair:2   | Reached ***** piety under Yredelemnul
 12594 | Lair:2   | Reached skill level 15 in Long Blades
 13193 | Lair:3   | Reached skill level 1 in Short Blades
 13213 | Lair:3   | Found a staircase to the Snake Pit.
 13487 | Lair:3   | Received a gift from Yredelemnul (5 flying skulls)
 13911 | Lair:4   | Reached skill level 16 in Long Blades
 14190 | Lair:4   | Found a staircase to the Swamp.
 14193 | Lair:4   | Received a gift from Yredelemnul (a wight)
 14487 | Lair:5   | Reached XP level 13. HP: 100/117 MP: 18/18
 14719 | Lair:5   | Reached skill level 5 in Dodging
 14726 | Lair:5   | Received a gift from Yredelemnul (a wight)
 14949 | Lair:6   | Entered Level 6 of the Lair of Beasts
 14963 | Lair:6   | Received a gift from Yredelemnul (a wight)
 14987 | Lair:6   | Found a staircase to the Slime Pits.
 15238 | Lair:6   | Received a gift from Yredelemnul (a phantasmal warrior)
 15604 | Lair:6   | Reached skill level 17 in Long Blades
 15612 | Lair:6   | Received a gift from Yredelemnul (a flying skull)
 15776 | Lair:6   | Received a gift from Yredelemnul (a flying skull)
 15892 | Lair:6   | Identified a scroll of acquirement
 15893 | Lair:6   | Identified the ring of Exta {+Inv rElec MP+9 Int+3} (You
                  | acquired it on level 6 of the Lair of Beasts)
 16287 | Orc:1    | Entered Level 1 of the Orcish Mines
 16690 | Orc:1    | Received a gift from Yredelemnul (a flayed ghost)
 16881 | Orc:1    | Noticed an ettin
 16890 | Orc:1    | Killed an ettin
 17172 | Orc:1    | Found an iron altar of Okawaru.
 17470 | Orc:1    | Received a gift from Yredelemnul (a skeletal warrior)
 17485 | Orc:1    | Noticed a stone giant
 17485 | Orc:1    | Noticed an ettin
 17490 | Orc:1    | Reached XP level 14. HP: 111/129 MP: 20/20
 17503 | Orc:1    | Killed a stone giant
 17632 | Orc:1    | Got a smoking brass ring
 17633 | Orc:1    | Identified the Catalogue of Lightness and Cold
 17635 | Orc:1    | Identified the ring of the Red Skies {rF+ rC+ MR+ Int+3
                  | Stlth-} (You found it on level 1 of the Orcish Mines)
 17648 | Orc:1    | Found the +7 mace of Variability {chain chaos}
 17652 | Orc:1    | Got a jewelled arbalest
 17659 | Orc:1    | Got a bloodstained falchion
 17660 | Orc:1    | Identified the +5 falchion of Accidental Termination
                  | {freeze, rElec MR+ Str-3 Int+6} (You found it on level 1 of
                  | the Orcish Mines)
 17714 | Orc:2    | Entered Level 2 of the Orcish Mines
 17714 | Orc:2    | Noticed an orc warlord
 17717 | Orc:2    | Reached ****** piety under Yredelemnul
 17726 | Orc:2    | Received a gift from Yredelemnul (a vampire)
 17728 | Orc:2    | Reached skill level 5 in Shields
 17744 | Orc:2    | Killed an orc warlord
 17744 | Orc:2    | Reached skill level 10 in Invocations
 17755 | Orc:2    | Reached skill level 18 in Long Blades
 17849 | Orc:2    | Found a staircase to the Elven Halls.
 17883 | Orc:2    | Noticed Jorgrun
 17899 | Orc:2    | Killed Jorgrun
 17905 | Orc:2    | Received a gift from Yredelemnul (a flayed ghost)
 17983 | Orc:2    | Received a gift from Yredelemnul (a vampire knight)
 18002 | Orc:2    | Found Qohuf's Gadget Emporium.
 18002 | Orc:2    | Found Xeilinan's Magic Scroll Boutique.
 18003 | Orc:2    | Found Ydoon's Armour Shop.
 18003 | Orc:2    | Found Buted's Magic Scroll Emporium.
 18012 | Orc:2    | Received a gift from Yredelemnul (a flayed ghost)
 18025 | Orc:2    | Received a gift from Yredelemnul (a vampire)
 18184 | Orc:2    | Bought a +4 plate armour of magic resistance for 600 gold
                  | pieces
 18637 | D:12     | Received a gift from Yredelemnul (a bone dragon)
 18770 | D:12     | Received a gift from Yredelemnul (a vampire knight)
 19279 | D:13     | Noticed Maurice
 19286 | D:13     | Killed Maurice
 19337 | D:13     | Your ally Maurice died
 19375 | D:13     | Received a gift from Yredelemnul (a phantasmal warrior)
 19629 | D:13     | Reached XP level 15. HP: 136/138 MP: 22/22
 19649 | D:13     | Received a gift from Yredelemnul (a ghoul)
 19652 | D:13     | Found a gate to the Vaults.
 20118 | D:14     | Noticed Kirke
 20130 | D:14     | Killed Kirke
 20463 | D:14     | Received a gift from Yredelemnul (a flayed ghost)
 20995 | D:15     | Entered Level 15 of the Dungeon
 21096 | D:15     | Found an opulent altar of Gozag.
 21343 | D:15     | Found a staircase to the Depths.
 21357 | D:15     | Reached skill level 15 in Fighting
 21612 | D:15     | Found a runed translucent door.
 21622 | D:15     | Received a gift from Yredelemnul (a skeletal warrior)
 21863 | D:15     | Noticed Tydghah's ghost (journeyman DrFE)
 21875 | D:15     | Cast into level 2 of the Abyss (Tydghah's ghost)
 21905 | Abyss:2  | Paralysed by you for 6 turns
 22020 | Abyss:2  | Received a gift from Yredelemnul (a phantasmal warrior)
 22186 | D:15     | Escaped the Abyss
 22191 | D:15     | Killed Tydghah's ghost
 22811 | Snake:1  | Entered Level 1 of the Snake Pit
 23244 | Snake:1  | Got a bloodstained spear
 23375 | Snake:1  | Reached skill level 19 in Long Blades
 23682 | Snake:2  | Received a gift from Yredelemnul (a vampire)
 23784 | Snake:2  | Noticed a nagaraja
 23792 | Snake:2  | Killed a nagaraja
 23881 | Snake:2  | Reached XP level 16. HP: 149/149 MP: 24/24
 24011 | Snake:2  | Received a gift from Yredelemnul (a skeletal warrior)
 24132 | Snake:2  | Received a gift from Yredelemnul (a profane servitor)
 24276 | Snake:2  | Noticed Frances
 24283 | Snake:2  | Killed Frances
 25253 | Snake:3  | Received a gift from Yredelemnul (a ghoul)
 25452 | Snake:3  | Received a gift from Yredelemnul (a bone dragon)
 25759 | Snake:3  | Noticed Asterion
 25779 | Snake:3  | Killed Asterion
 25784 | Snake:3  | Received a gift from Yredelemnul (a ghoul)
 26126 | Snake:4  | Entered Level 4 of the Snake Pit
 26267 | Snake:4  | Reached skill level 10 in Shields
 26342 | Snake:4  | Received a gift from Yredelemnul (a ghoul)
 26537 | Snake:4  | Received a gift from Yredelemnul (a ghoul)
 26602 | Snake:4  | Reached XP level 17. HP: 88/160 MP: 19/25
 27020 | Snake:4  | Got a serpentine rune of Zot
 27086 | Snake:4  | Reached skill level 10 in Dodging
 27264 | Snake:4  | Found a runed translucent door.
 27325 | Snake:4  | Identified Vuniho's Catalogue of Battle Magic
 27531 | Swamp:1  | Entered Level 1 of the Swamp
 27574 | Swamp:1  | Reached skill level 15 in Armour
 27579 | Swamp:1  | Received a gift from Yredelemnul (a ghoul)
 27715 | Swamp:1  | Received a gift from Yredelemnul (a skeletal warrior)
 28338 | Swamp:2  | Received a gift from Yredelemnul (a vampire knight)
 28700 | Swamp:2  | Noticed Aizul
 28712 | Swamp:2  | Killed Aizul
 29031 | Swamp:3  | Received a gift from Yredelemnul (a vampire knight)
 29599 | Swamp:4  | Entered Level 4 of the Swamp
 29628 | Swamp:4  | Received a gift from Yredelemnul (a ghoul)
 29721 | Swamp:4  | Reached skill level 20 in Long Blades
 29846 | Swamp:4  | Noticed the 27-headed Lernaean hydra
 29852 | Swamp:4  | Received a gift from Yredelemnul (a skeletal warrior)
 29857 | Swamp:4  | Killed the 25-headed Lernaean hydra
 30046 | Swamp:4  | Got a decaying rune of Zot
 30157 | Swamp:4  | Received a gift from Yredelemnul (a phantasmal warrior)
 30197 | Swamp:4  | Got a thick robe
 30950 | Elf:1    | Entered Level 1 of the Elven Halls
 30963 | Elf:1    | Received a gift from Yredelemnul (a phantasmal warrior)
 30974 | Elf:1    | Found a radiant altar of Vehumet.
 31107 | Elf:1    | Found a flickering gateway to a bazaar.
 31111 | Elf:1    | Received a gift from Yredelemnul (a flayed ghost)
 31118 | Elf:1    | Reached XP level 18. HP: 142/170 MP: 27/27
 31148 | Bazaar   | Entered a bazaar
 31160 | Bazaar   | Found Emissov's Weapon Shop.
 31169 | Bazaar   | Found Xotyeler's Antique Weapon Shoppe.
 31177 | Bazaar   | Bought an iridescent falchion for 256 gold pieces
 31177 | Bazaar   | Identified the +11 falchion of Certain Death {flame, rC+
                  | Str+4} (You bought it in a shop in a bazaar)
 31212 | Bazaar   | Found Zaycwewn's Weapon Shop.
 31431 | Elf:1    | Identified Roxanne's Incunabulum of Transmigration
 31431 | Elf:1    | Noticed Roxanne
 31451 | Elf:1    | Killed Roxanne
 31792 | Elf:1    | Received a gift from Yredelemnul (a skeletal warrior)
 31795 | Elf:1    | Found a runed translucent gate.
 31795 | Elf:1    | Found a runed translucent gate.
 31795 | Elf:1    | Found a runed translucent gate.
 31795 | Elf:1    | Found a runed translucent gate.
 31795 | Elf:1    | Found a runed translucent gate.
 31799 | Elf:1    | Noticed a Hell Sentinel
 31808 | Elf:1    | Found a runed translucent gate.
 32163 | Elf:2    | Received a gift from Yredelemnul (a vampire knight)
 32198 | Elf:2    | Found a runed translucent gate.
 32198 | Elf:2    | Found a runed translucent gate.
 32198 | Elf:2    | Found a runed translucent gate.
 32389 | Elf:2    | Received a gift from Yredelemnul (a flayed ghost)
 32471 | Elf:2    | Received a gift from Yredelemnul (a ghoul)
 32779 | Elf:2    | Received a gift from Yredelemnul (a ghoul)
 33254 | Elf:3    | Entered Level 3 of the Elven Halls
 33280 | Elf:3    | Received a gift from Yredelemnul (a vampire knight)
 33447 | Elf:3    | Found Jojaes's Weapon Shop.
 33476 | Elf:3    | Found Boisiepsa's Armour Boutique.
 33489 | Elf:3    | Bought a +1 pair of gloves for 149 gold pieces
 33849 | Elf:3    | Received a gift from Yredelemnul (a ghoul)
 33860 | Elf:3    | Found Pelewe's One-of-a-Kind Books.
 33956 | Elf:3    | Noticed Nikola
 33964 | Elf:3    | Killed Nikola
 34007 | Elf:3    | Reached skill level 15 in Invocations
 34008 | Elf:3    | Received a gift from Yredelemnul (a flayed ghost)
 34014 | Elf:3    | Reached XP level 19. HP: 138/181 MP: 19/29
 34345 | Elf:3    | Got a crystal battleaxe
 34378 | Elf:3    | Found the +9 staff of Wucad Mu {channel}
 34378 | Elf:3    | Got a warped hat
 34384 | Elf:3    | Identified the cursed -1 hat "Ostriach" {Dex+4} (You found
                  | it on level 3 of the Elven Halls)
 34389 | Elf:3    | Got an amber-encrusted chain mail
 34445 | Elf:3    | Identified the Compendium of Shifting Translocation
 34475 | Elf:3    | Got a crystal falchion
 34476 | Elf:3    | Identified the +3 falchion of War {venom, Int+6} (You found
                  | it on level 3 of the Elven Halls)
 34642 | Elf:3    | Found an ancient bone altar of Kikubaaqudgha.
 34674 | Elf:3    | Reached skill level 21 in Long Blades
 34845 | Elf:3    | Reached skill level 1 in Stealth
 34850 | Elf:3    | Received a gift from Yredelemnul (a skeletal warrior)
 35280 | Depths:1 | Entered Level 1 of the Depths
 35304 | Depths:1 | Received a gift from Yredelemnul (a bone dragon)
 35761 | Depths:1 | Found a one-way gate to the infinite horrors of the Abyss.
 35879 | Depths:1 | Found a runed translucent door.
 36085 | Depths:1 | Found a gateway to Hell.
 36486 | Depths:1 | Found a one-way gate leading to the halls of Pandemonium.
 36729 | Depths:2 | Found a gateway to a ziggurat.
 36789 | Depths:2 | HP: 5/183 [titan/the air (34)]
 36819 | Depths:2 | Received a gift from Yredelemnul (a vampire knight)
 37227 | Depths:2 | Found an ornate altar of the Wu Jian Council.
 37241 | Depths:2 | Reached XP level 20. HP: 191/191 MP: 30/30
 37351 | Depths:2 | Gained mutation: Your magical capacity is low. (-10% MP) [a
                  | neqoxec]
 37696 | Depths:3 | Found an ancient bone altar of Kikubaaqudgha.
 37789 | Depths:3 | Noticed a bone dragon
 37804 | Depths:3 | Killed a bone dragon
 37856 | Depths:3 | Found an iron altar of Okawaru.
 37916 | Depths:3 | Noticed a caustic shrike
 37921 | Depths:3 | Received a gift from Yredelemnul (a phantasmal warrior)
 37927 | Depths:3 | Noticed a caustic shrike
 37928 | Depths:3 | Noticed a caustic shrike
 37931 | Depths:3 | Noticed a caustic shrike
 37932 | Depths:3 | Killed a caustic shrike
 37933 | Depths:3 | Noticed a caustic shrike
 37935 | Depths:3 | Killed a caustic shrike
 37936 | Depths:3 | Killed a caustic shrike
 37936 | Depths:3 | Noticed a golden dragon
 37941 | Depths:3 | Killed a caustic shrike
 37942 | Depths:3 | Identified the +1 ring mail of the World {rC+ Regen+}
 37945 | Depths:3 | Received a gift from Yredelemnul (a vampire)
 37946 | Depths:3 | Killed a caustic shrike
 37954 | Depths:3 | Noticed a golden dragon
 37957 | Depths:3 | Killed a golden dragon
 37970 | Depths:3 | Killed a golden dragon
 38115 | Depths:3 | Identified Sif Muna's Grimoire of the Creative Frostbite
 38195 | Depths:3 | Identified the Compendium of Air and Enhancements
 38200 | Depths:3 | Noticed a golden dragon
 38213 | Depths:3 | Killed a golden dragon
 38324 | Depths:3 | Found a sacrificial altar of Ru.
 38519 | Depths:3 | Found a basalt altar of Yredelemnul.
 38528 | Depths:3 | Received a gift from Yredelemnul (a ghoul)
 38758 | Depths:3 | Received a gift from Yredelemnul (a flayed ghost)
 38971 | Depths:3 | Reached skill level 15 in Shields
 39115 | Depths:4 | Received a gift from Yredelemnul (a vampire)
 39435 | Depths:4 | Reached XP level 21. HP: 187/201 MP: 29/29
 39843 | Depths:4 | Reached skill level 22 in Long Blades
 39879 | Depths:4 | Got a pitted chain mail
 40010 | Depths:4 | Found Lopeizun's Book Boutique.
 40201 | Depths:5 | Entered Level 5 of the Depths
 40469 | Depths:5 | Noticed a golden dragon
 40482 | Depths:5 | Killed a golden dragon
 40909 | Depths:5 | Reached skill level 5 in Stealth
 41091 | Depths:5 | Noticed the Enchantress
 41110 | Depths:5 | Killed the Enchantress
 41110 | Depths:5 | Received a gift from Yredelemnul (a bone dragon)
 41350 | Depths:5 | Found a gate to the Realm of Zot.
 41695 | Vaults:1 | Entered Level 1 of the Vaults
 42158 | Vaults:1 | Received a gift from Yredelemnul (a vampire knight)
 42516 | Vaults:1 | Received a gift from Yredelemnul (a vampire)
 42752 | Vaults:2 | Received a gift from Yredelemnul (a vampire)
 42767 | Vaults:2 | Received a gift from Yredelemnul (a phantasmal warrior)
 42777 | Vaults:2 | Cast into level 2 of the Abyss (a deep elf sorcerer)
 42863 | Abyss:2  | Gained mutation: Your magical capacity is very low. (-20%
                  | MP) [a neqoxec]
 42866 | Abyss:2  | Found a basalt altar of Yredelemnul.
 42953 | Abyss:2  | Received a gift from Yredelemnul (a skeletal warrior)
 43121 | Abyss:2  | Reached XP level 22. HP: 213/213 MP: 26/26
 43184 | Abyss:2  | Received a gift from Yredelemnul (a ghoul)
 43202 | Vaults:2 | Escaped the Abyss
 43631 | Vaults:2 | Received a gift from Yredelemnul (a ghoul)
 43937 | Vaults:2 | Found a staircase to the Crypt.
 44608 | Vaults:3 | Received a gift from Yredelemnul (a vampire knight)
 44648 | Vaults:3 | Found a magical portal.
 44700 | WizLab   | Received a gift from Yredelemnul (a phantasmal warrior)
 44887 | WizLab   | Received a gift from Yredelemnul (a vampire knight)
 45239 | WizLab   | HP: 8/210 [Rabuim the Cloud Mage/the air (31)]
 45240 | WizLab   | Killed from afar by Rabuim the Cloud Mage

Levels and vault maps discovered:
D:1:      minmay_arrival_plants_in_alcoves, layout_rooms
D:2:      layout_loops_ring, makhleb_heckhound_becter, led_sif_pool
D:3:      layout_basic
D:4:      layout_loops_ring, minmay_temple_entry_poolview, serial_shops,
          shop_fountains, st_stairs_3, hangedman_decor_clover_reticule
D:5:      layout_cave_pods, lemuel_round_altar, gammafunk_temple_overflow_arena,
          nicolae_overflow_crystal_walls, first_ration, serial_glass,
          glass_columns_b, glass_columns_a
D:6:      layout_loops_cross, kennysheep_generic_room_3, uniq_pikel
D:7:      layout_loops_corners, old_standard_altar
D:8:      corexii_shack_village, layout_loops_ring,
          lemuel_coloured_pillars_altar, lemuel_round_altar
D:9:      layout_rooms, tgw_fedhas, lemuel_round_altar, trog_eyes_of_draining,
          lair_entry_dummy, uniq_grum, uniq_psyche
D:10:     hangedman_cross_stitches, layout_basic, hangedman_pestilent_swarm
D:11:     minmay_mutant_horseshoe, layout_basic, orc_david_3,
          minmay_fractal_squares_gapless_7
D:12:     layout_cave_pools, drop_trap
D:13:     layout_basic, ximxim_vaults_locker_room, einodemon_crawler_minivault,
          uniq_maurice
D:14:     layout_stronghold, chequers_serial_rivers_marsh, uniq_kirke
D:15:     grunt_enter_depths_magical_seal, layout_layer_cave,
          nicolae_gozag_cash_rules_everything_around_me, gammafunk_ghost_grave,
          grunt_ministairs_1
Temple:   grunt_temple_mini_profane
Lair:1:   layout_cellular_growth, gammafunk_lair_bear_cave, lemuel_fruit_tree
Lair:2:   layout_roguey, columned_hall_lemuel, minmay_lair_oklob_chamber
Lair:3:   layout_roguey, minmay_snake_entry_spellcaster
Lair:4:   layout_hall_layers, minmay_swamp_entry_worms
Lair:5:   layout_misc_corridors, lookout_lair_type, serial_bayou_shore_a
Lair:6:   minmay_lair_end_enchanted_forest, layout_regular_city,
          nicolae_slime_entry_slimehenge
Swamp:1:  layout_basic_swamp, hangedman_swamp_pad, swamp_pool1
Swamp:2:  layout_falls_marsh, evilmike_swamp_ruin_house_6, swamp_pool4,
          uniq_aizul
Swamp:3:  layout_falls_marsh, evilmike_swamp_ruin_house_1
Swamp:4:  swamp_old_school, layout_basic_swamp
Snake:1:  layout_grid_shapes, nicolae_snake_linked_coils
Snake:2:  nicolae_snakescales, layout_chambers, uniq_frances
Snake:3:  layout_cave_pods, uniq_asterion
Snake:4:  minmay_snake_end_coiled, layout_cave_town, lightli_airlock
Orc:1:    giant_chief_lemuel, layout_caves, okawaru_metal_pillars_1_2
Orc:2:    st_orc_ogre_mass, layout_caves, uniq_jorgrun
Elf:1:    eino_elf_arrival_altar, layout_loops_cross, serial_shops,
          bzr_entry_lakeside, orc_legates, uniq_roxanne
Elf:2:    layout_geoelf_grid
Elf:3:    minmay_elf_hall_curves, layout_geoelf_grid, basic_altar, serial_shops,
          shop, nicolae_shop_temple_entry_statues_fountains, nicolae_rare_books,
          grunt_ministairs_3, evilmike_minifort, uniq_nikola
Vaults:1: vaults_dpeg_hooks, nicolae_vaults_asterisk, ontoclasm_vaults_spin,
          hangedman_vaults_snaps, v_misc_2, nicolae_vaults_three_branches,
          v_rooms_3, nicolae_vaults_network_barrier,
          ontoclasm_vaults_claustrophobia, vaults_room_large_hall,
          ontoclasm_vaults_ring_small, layout_vaults_omnibox
Vaults:2: hangedman_vaults_corner, vaults_room_glass_cross, v_alt_pattern_5,
          vaults_room_hallway, minmay_crypt_entry_simple_walls,
          nicolae_vaults_gold_heap, ontoclasm_vaults_ligature,
          layout_vaults_omnigrid
Vaults:3: nicolae_vaults_rhombus_5, nicolae_vaults_little_squares_6,
          nicolae_vaults_circle_grid_a, grunt_vaults_swirl,
          nicolae_vaults_branching_niches, ontoclasm_vaults_pinch,
          nicolae_vaults_bisected_exclaves, nicolae_vaults_little_squares_3,
          nicolae_vaults_ring_of_whatevers, v_pattern_1, vaults_dpeg_ring,
          ontoclasm_vaults_fault, layout_vaults_omnicross,
          lightli_enter_wizlab_magi_temple, uniq_frederick
Depths:1: layout_gridlike, abyss_entry, grunt_hell_entry_dis_old,
          rand_demon_pan_entry_4, minmay_misc_feat_diagonals,
          statue_in_the_mist_lemuel, grunt_ministairs_14, minmay_fountain_box,
          interstate_on_off, library_closet, minmay_hidden_floor
Depths:2: hangedman_cross_cluster, layout_basic, enter_ziggurat_c,
          rand_demon_pan_entry_5, hell_entry, lemuel_crystal_altar,
          minmay_stone_trees_medium, drop_trap
Depths:3: grunt_profane_halls [grunt_profane_temple_coc,
          grunt_profane_temple_geh, grunt_profane_temple_dis,
          grunt_profane_temple_tar, grunt_profane_loot], abyss_entry, pan_entry,
          hell_entry
Depths:4: nooodl_glass_maze, layout_basic, serial_shops, shop_statue,
          grunt_decor_cap, abyss_entry_crystal, pf_vacation_house_of_asmodeus
Depths:5: grunt_zot_entry_gee_three, layout_gridlike, hell_entry,
          minmay_misc_feat_rugged, uniq_enchantress
WizLab:   wizlab_cloud

Skill      XL: |  1  2  3  4  5  6  7  8  9 10 11 12 13 14 15 16 17 18 19 20 21 22 |
---------------+-------------------------------------------------------------------+-----
Fighting       | 4 5 7 8 9 11 13 14 15 16 17 18 19 20 21 | 21.3
Long Blades    | 3 4 5 6 7 9 11 13 14 16 17 18 19 20 21 22 | 22.7
Armour         | 4 5 6 7 8 9 10 11 12 13 14 15 16 17 | 17.4
Dodging        | 1 2 3 4 5 7 8 9 10 11 12 13 14 | 14.4
Invocations    | 1 3 4 5 7 8 9 11 12 13 15 16 17 | 17.6
Shields        | 4 7 8 10 11 12 13 15 16 17 | 17.2
Short Blades   | 1 |  1.0
Stealth        | 2 4 5 |  5.9

Action                   |  1- 3 |  4- 6 |  7- 9 | 10-12 | 13-15 | 16-18 | 19-21 | 22-24 || total
-------------------------+-------+-------+-------+-------+-------+-------+-------+-------++-------
Melee: Long sword        |    67 |   101 |   344 |   384 |       |       |       |       ||   896
       Headbutt          |    10 |    24 |    74 |   142 |   232 |   276 |   470 |   137 ||  1365
       Great sword       |       |       |       |   151 |   150 |       |       |       ||   301
       Short sword       |       |       |       |     8 |       |       |       |       ||     8
       Demon blade       |       |       |       |       |   678 |   898 |  1176 |   317 ||  3069
       Scimitar          |       |       |       |       |       |    43 |       |       ||    43
Invok: Animate Remains   |       |       |    19 |     7 |       |       |       |       ||    26
       Animate Dead      |       |       |       |    45 |    86 |    95 |    71 |    23 ||   320
       Recall Undead Sla |       |       |       |     8 |    12 |     6 |     7 |     3 ||    36
       Drain Life        |       |       |       |       |     5 |    11 |    10 |     3 ||    29
       Enslave Soul      |       |       |       |       |       |       |     3 |     1 ||     4
 Abil: Stop Flying       |       |       |       |       |       |       |       |     1 ||     1
  Use: Scroll            |     4 |    11 |     7 |    11 |    13 |     5 |     2 |     1 ||    54
       Potion            |       |       |     1 |     3 |       |       |       |     2 ||     6
 Stab: Distracted        |       |       |     3 |     4 |     9 |    22 |    35 |    10 ||    83
       Paralysed         |       |       |       |       |       |     2 |       |       ||     2
  Eat: Chunk             |       |     7 |    19 |    33 |    45 |    61 |    50 |    15 ||   230
       Ration            |       |       |       |     3 |     7 |     4 |     4 |       ||    18
Armor: Scale mail        |    56 |    34 |   153 |   275 |   151 |       |       |       ||   669
       Plate armour      |       |       |       |       |   270 |   552 |   162 |       ||   984
       Gold dragon scale |       |       |       |       |       |       |   198 |    93 ||   291
Dodge: Dodged            |    41 |    49 |   153 |   294 |   443 |   486 |   463 |   105 ||  2034
Block: Other             |       |       |    10 |     9 |       |       |       |       ||    19
       Reflection        |       |       |     2 |     3 |       |       |       |       ||     5
       Buckler           |       |       |       |       |   166 |   278 |    87 |       ||   531
       Kite shield       |       |       |       |       |       |       |   498 |   199 ||   697
       Rpst.: Long sword |     9 |    14 |    29 |    35 |       |       |       |       ||    87
       Great sword       |       |       |       |    25 |    23 |       |       |       ||    48
       Demon blade       |       |       |       |       |    76 |    96 |    70 |    22 ||   264
       Scimitar          |       |       |       |       |       |     8 |       |       ||     8

Table legend:
 A = Non-vault XP
 B = Vault XP
 C = Vault XP percentage of total XP
 D = Non-vault monster count
 E = Vault monster count
 F = Vault count percentage of total count
                 A         B        C        D         E       F
            +---------+---------+-------+---------+---------+-------
      Total |  402120 |  372354 |  48.1 |    1293 |     726 |  36.0
            +---------+---------+-------+---------+---------+-------
        D:1 |      34 |       0 |   0.0 |      18 |       0 |   0.0
        D:2 |      38 |      43 |  53.1 |      15 |       1 |   6.2
        D:3 |      83 |       0 |   0.0 |      18 |       0 |   0.0
        D:4 |     362 |     125 |  25.7 |       7 |       2 |  22.2
        D:5 |     756 |       0 |   0.0 |      30 |       0 |   0.0
        D:6 |    1178 |     759 |  39.2 |      31 |       2 |   6.1
        D:7 |    1012 |       0 |   0.0 |      14 |       0 |   0.0
        D:8 |    1377 |      25 |   1.8 |      16 |      14 |  46.7
        D:9 |    1623 |    1012 |  38.4 |      12 |       8 |  40.0
       D:10 |     966 |    1431 |  59.7 |      28 |      13 |  31.7
       D:11 |    4429 |    5666 |  56.1 |      38 |      23 |  37.7
       D:12 |   10088 |       0 |   0.0 |      55 |       0 |   0.0
       D:13 |    4975 |    3249 |  39.5 |      19 |      17 |  47.2
       D:14 |    8164 |    2585 |  24.0 |      25 |       4 |  13.8
       D:15 |    5739 |    9382 |  62.0 |      19 |      21 |  52.5
     Lair:1 |    2351 |     399 |  14.5 |      13 |       3 |  18.8
     Lair:2 |    3905 |     403 |   9.4 |      17 |       1 |   5.6
     Lair:3 |    5140 |     463 |   8.3 |      25 |       1 |   3.8
     Lair:4 |    2797 |     486 |  14.8 |      10 |       3 |  23.1
     Lair:5 |    3799 |       0 |   0.0 |      26 |       0 |   0.0
     Lair:6 |    6744 |    7792 |  53.6 |      34 |      51 |  60.0
    Swamp:1 |    8380 |       0 |   0.0 |      29 |       0 |   0.0
    Swamp:2 |    8872 |    1095 |  11.0 |      26 |       1 |   3.7
    Swamp:3 |    6493 |       0 |   0.0 |      21 |       0 |   0.0
    Swamp:4 |   13569 |   13475 |  49.8 |      45 |      23 |  33.8
    Snake:1 |    8437 |       0 |   0.0 |      29 |       0 |   0.0
    Snake:2 |   20454 |    7040 |  25.6 |      39 |      15 |  27.8
    Snake:3 |   19037 |    2673 |  12.3 |      49 |       1 |   2.0
    Snake:4 |   14975 |   20383 |  57.6 |      37 |      54 |  59.3
      Orc:1 |    1355 |   10860 |  88.9 |      10 |      27 |  73.0
      Orc:2 |    6747 |   14781 |  68.7 |      72 |      40 |  35.7
      Elf:1 |   19568 |   14929 |  43.3 |      40 |      33 |  45.2
      Elf:2 |   18422 |   19348 |  51.2 |      37 |      33 |  47.1
      Elf:3 |   15570 |   39154 |  71.5 |      35 |      50 |  58.8
   Vaults:1 |   15080 |   11305 |  42.8 |      42 |      21 |  33.3
   Vaults:2 |   24173 |   22576 |  48.3 |      62 |      34 |  35.4
   Vaults:3 |   17881 |     777 |   4.2 |      43 |       1 |   2.3
   Depths:1 |   30830 |   10813 |  26.0 |      50 |      20 |  28.6
   Depths:2 |   12087 |   20355 |  62.7 |      18 |      29 |  61.7
   Depths:3 |    7430 |   80302 |  91.5 |      14 |     119 |  89.5
   Depths:4 |   30485 |    4886 |  13.8 |      41 |       6 |  12.8
   Depths:5 |   15234 |   28155 |  64.9 |      24 |      24 |  50.0
    Abyss:2 |   21481 |       0 |   0.0 |      60 |       0 |   0.0
     WizLab |       0 |   15627 | 100.0 |       0 |      31 | 100.0
            +---------+---------+-------+---------+---------+-------
